Map: Lost and Found LE

Players

ScrotusMcGee

  • Race: Zerg Zerg
  • Spawn Location: 1:00

Lonk - Winner!

  • Race: Zerg Zerg
  • League: Diamond
  • Spawn Location: 7:00

VOD

Have the link to the VOD?

Description

Time

  • Played on: Aug. 17, 2018, 10:14 p.m.
  • Length: 3:03
Show
View Real Time Build Order
Export as new Build Order

ScrotusMcGee Zerg 

Build Orders: Hatch First 

Get SALT Encoding   

  12  0:01  Drone  
  13  0:12  Overlord  
  13  0:16  Drone  
  14  0:30  Drone x2  
  14  0:34  Drone  
  17  0:51  Hatchery  
  17  0:54  Drone  
  17  0:57  Drone  
  18  1:08  Extractor  
  17  1:12  Spawning Pool  
  17  1:15  Drone  
  17  1:18  Drone  
  18  1:28  Drone  
  19  1:39  Overlord  
  19  2:00  Queen  
  19  2:01  Zergling x4  
  23  2:05  Spine Crawler  
  23  2:06  Spine Crawler  
  23  2:07  Zergling x2  
  22  2:19  Zergling x2  
Show
View Real Time Build Order
Export as new Build Order

Lonk Zerg - Winner!

Build Orders: Pool Only 

Get SALT Encoding   

  12  0:01  Drone  
  13  0:23  Spawning Pool  
  12  0:30  Overlord  
  12  1:10  Zergling x6  
  15  1:22  Zergling x2  
  16  1:46  Spine Crawler  
  15  1:48  Spine Crawler  
  15  1:49  Spine Crawler  
  15  1:50  Spine Crawler  
  15  1:52  Spine Crawler  
  12  2:02  Spine Crawler  
  12  2:05  Zergling x2  
  12  2:15  Zergling x2  
  12  2:16  Zergling x2  
  13  2:32  Zergling x4  
Tags
 
Add a new tag
Caveats
  • Supply blocks, unpowered buildings, or Contaminate may cause inaccurate times.
  • Supply counts are checked every 10 seconds.